 Dungeon Crawl Stone Soup version 0.31.0-2-g5a2aebc5c2 (webtiles) character file.

Game seed: 16187658334132791524

12980 case the Executioner (level 11, -3/136 HPs)
             Began as a Minotaur Berserker on Jan 21, 2024.
             Was a High Priest of Trog.
             Slain by a basilisk (6 damage)
             ... on level 1 of the Lair of Beasts.
             The game lasted 00:10:50 (8802 turns).

case the Executioner (Minotaur Berserker)           Turns: 8802, Time: 00:10:51

Health: -3/136     AC: 11    Str: 33    XL:     11   Next: 69%
Magic:  3/3        EV:  6    Int:  4    God:    Trog [*****.]
Gold:   547        SH:  0    Dex: 10    Spells: 10/10 levels left

rFire   + . .        C - +4 battleaxe (antimagic)
rCold   . . .        (shield currently unavailable)
rNeg    . . .        u - +3 leather armour of the Silversmith {Rampage Str+3}
rPois   .            (helmet restricted)
rElec   +            (no cloak)
rCorr   .            x - +0 pair of gloves
SInv    .            (no boots)
Will    .....        z - amulet of regeneration Stlth
                     c - +4 ring of protection
HPRegen 1.22/turn    n - ring of Leblusun {*Corrode rElec rF+ AC+4 Str+4}
MPRegen 0.08/turn

%: corrode self (3%), rampage
@: berserking, lethally poisoned (-3 -> -4), petrifying, corroded, quick
A: horns 2, retaliatory headbutt
a: Renounce Religion, Berserk, Trog's Hand, Brothers in Arms


You were on level 1 of the Lair of Beasts.
You worshipped Trog.
Trog was extremely pleased with you.
You visited 2 branches of the dungeon, and saw 11 of its levels.
You also visited: Ossuary.

You collected 547 gold pieces.

Inventory:

Hand Weapons
 f - a +2 spear of venom
 y - a +5 spear of freezing
 C - a +4 antimagic battleaxe (weapon)
Armour
 k - a +1 ring mail of fire resistance
 s - a +0 troll leather armour
 u - the +3 leather armour of the Silversmith (worn) {Rampage Str+3}
   (You found it on level 7 of the Dungeon)

   Str+3:     It affects your strength (+3).
   Rampage:   It bestows one free step when moving towards enemies.
 x - a +0 pair of gloves (worn)
Jewellery
 c - a +4 ring of protection (left hand)
 h - a ring of protection from cold
 n - the ring of Leblusun (right hand) {*Corrode rElec rF+ AC+4 Str+4}
   (You found it on level 9 of the Dungeon)

   [ring of protection]

   AC+4:      It affects your AC (+4).
   Str+4:     It affects your strength (+4).
   rF+:       It protects you from fire.
   rElec:     It insulates you from electricity.
   *Corrode:  It may corrode you when you take damage.
 z - an amulet of regeneration (around neck)
 A - a ring of fire
Wands
 e - a wand of flame (25)
 v - a wand of roots (12)
Scrolls
 g - 3 scrolls of blinking
 o - a scroll of revelation {unknown}
 p - 4 scrolls of poison
 q - 3 scrolls of torment
 t - 3 scrolls of teleportation
 w - a scroll of fog {unknown}
 B - a scroll of identify
Potions
 a - a potion of magic
 b - 4 potions of heal wounds
 d - 7 potions of mutation
 i - 4 potions of resistance
 j - 2 potions of attraction
 l - 2 potions of invisibility
 m - 3 potions of curing
 r - 2 potions of haste


   Skills:
 - Level 6.4 Fighting
 * Level 21.2 Axes
 - Level 2.4 Armour
 - Level 2.1 Dodging


You had 10 spell levels left.
You didn't know any spells.
Your spell library was empty.

Dungeon Overview and Level Annotations

Branches:
Dungeon (10/15)            Temple (0/1) D:6            Lair (1/5) D:10
Ossuary (visited)
    Orc: D:9-12

Altars:
Fedhas
Hepliaklqana
Qazlal
Trog
Vehumet
Yredelemnul
The Shining One

Shops:
D:8 [

Annotations:
D:3 2 transporters


Innate Abilities, Weirdness & Mutations

You have a pair of horns on your head.
You reflexively headbutt those who attack you in melee.


Message History

The cane toad barely misses you. The basilisk gazes at you.
The cane toad stings you but does no damage.
The basilisk gazes at you. You resist with some effort.
The cane toad stings you but does no damage.
The basilisk bites you. The cane toad stings you. The basilisk bites you!
Your corrosive artefact corrodes you!
The cane toad stings you but does no damage.
The basilisk bites you! The cane toad stings you!
You turn to flesh and can move again.
You closely miss the basilisk. You barely miss the cane toad.
You feel sick. The cane toad stings you!
* * * LOW HITPOINT WARNING * * *
The basilisk bites you!
* * * LOW HITPOINT WARNING * * *
A red film seems to cover your vision as you go berserk!
You feel yourself moving faster!
You feel mighty!
You feel sick. The cane toad barely misses you. The basilisk gazes at you.
You resist with some effort.
You barely miss the basilisk. You slash the cane toad!
You feel sick. The cane toad stings you!
* * * LOW HITPOINT WARNING * * *
You slash the basilisk!
The basilisk's magic leaks into the air.
The basilisk is heavily wounded.
You slice the cane toad!!
You feel the power of Trog in you as your rage grows.
You kill the cane toad!
Trog accepts your kill.
You feel sick. The basilisk gazes at you.
You are slowing down.
You closely miss the basilisk. Your headbutt misses the basilisk.
The basilisk is heavily wounded.
You closely miss the basilisk. You headbutt the basilisk!
The basilisk is almost dead.
The basilisk bites you!
You die...

...........
##..........
#...........
...........
#.......... #.## #.
#####..........
....
..................
#### ...
#...@l...[.. #.#
##.......... #.#
#.......... #.###
#..........
#.#.####..........
##^.......#########
#..######.# ###
##.# #.# #.####..#
#.#


You could see a basilisk (magic disrupted).

Vanquished Creatures
  3 two-headed ogres
  A black mamba (Lair:1)
  3 cane toads (Lair:1)
  A rime drake (Lair:1)
  A komodo dragon (D:9)
  3 trolls (D:10)
  A hornet (D:8)
  5 blink frogs (Lair:1)
  Prince Ribbit (D:6)
  A shadow (D:10)
  15 yaks
  3 wyverns
  Menkaure (D:6)
  3 steam dragons
  2 water moccasins
  An ice beast (D:6)
  2 black bears (D:7)
  2 orc warriors
  3 wolves (D:10)
  A centaur (D:9)
  2 ogres
  A phantom (D:4)
  3 kobold brigands
  7 bullfrogs
  A weeping skull (Ossuary)
  2 gnoll sergeants
  2 scorpions (D:5)
  A burial acolyte (Ossuary)
  8 wights
  8 killer bees
  4 electric eels
  4 howler monkeys
  3 bombardier beetles
  A human zombie (Ossuary)
  5 hounds
  2 jellies (D:6)
  6 iguanas
  A sleepcap (D:6)
  Ijyb (D:4)
  2 orc wizards (D:10)
  3 mummies (Ossuary)
  19 gnolls
  5 adders
  2 white imps (D:6)
  4 ufetubi
  A ribbon worm (D:2)
  2 dart slugs
  17 orcs
  3 ball pythons
  7 endoplasms
  6 giant cockroaches
  A gnoll zombie (Ossuary)
  4 hobgoblins
  9 jackals
  A quokka (D:2)
  3 bats
  13 frilled lizards
  5 goblins
  28 kobolds
  2 kobold zombies (Ossuary)
  4 orc zombies (Ossuary)
  9 rats
265 creatures vanquished.

Notes
Turn   | Place    | Note
-------+----------+-------------------------------------------
     0 | D:1      | case the Minotaur Berserker began the quest for the Orb.
     0 | D:1      | Reached XP level 1. HP: 19/19 MP: 0/0
   146 | D:1      | Reached skill level 4 in Axes
   148 | D:1      | Reached XP level 2. HP: 12/27 MP: 1/1
   390 | D:1      | Reached XP level 3. HP: 27/33 MP: 2/2
   402 | D:1      | Reached ** piety under Trog
   812 | D:2      | Reached skill level 5 in Axes
  1092 | D:2      | Found a faded altar of an unknown god.
  1362 | D:2      | Reached XP level 4. HP: 41/41 MP: 3/3
  1725 | D:3      | Found a transporter.
  1725 | D:3      | Found a transporter.
  1873 | D:3      | Reached skill level 6 in Axes
  1981 | D:3      | Reached *** piety under Trog
  1986 | D:3      | Reached XP level 5. HP: 42/47 MP: 4/4
  2042 | D:3      | Found a blossoming altar of Fedhas.
  2347 | D:4      | Found a stormy altar of Qazlal.
  2348 | D:4      | Noticed Ijyb
  2355 | D:4      | Killed Ijyb
  2447 | D:4      | Noticed a phantom
  2456 | D:4      | Killed a phantom
  2457 | D:4      | Reached skill level 7 in Axes
  2508 | D:4      | Noticed an ogre
  2514 | D:4      | Killed an ogre
  2515 | D:4      | Reached skill level 5 in Fighting
  2515 | D:4      | Reached XP level 6. HP: 42/56 MP: 5/5
  2651 | D:4      | Found a glowing golden altar of the Shining One.
  2653 | D:4      | Found a bloodstained altar of Trog.
  2656 | D:4      | Found a basalt altar of Yredelemnul.
  2914 | D:5      | Entered Level 5 of the Dungeon
  2945 | D:5      | Reached skill level 8 in Axes
  2981 | D:5      | Identified the +1 chain mail of the Hills {Str+5 Int+4
                  | Dex-4}
  3246 | D:6      | Reached XP level 7. HP: 46/61 MP: 6/6
  3264 | D:6      | Reached skill level 9 in Axes
  3511 | D:6      | Reached skill level 10 in Axes
  3522 | D:6      | Noticed Menkaure
  3523 | D:6      | Found a sand-covered staircase.
  3534 | D:6      | Killed Menkaure
  3575 | Ossuary  | Entered an ossuary
  3860 | Ossuary  | Reached XP level 8. HP: 70/70 MP: 7/7
  3896 | Ossuary  | Reached skill level 11 in Axes
  4026 | D:6      | Noticed Prince Ribbit
  4042 | D:6      | Killed Prince Ribbit
  4067 | D:6      | Reached skill level 12 in Axes
  4364 | D:6      | Reached skill level 13 in Axes
  4403 | D:6      | Found a staircase to the Ecumenical Temple.
  4678 | D:6      | Reached **** piety under Trog
  4772 | D:6      | Reached XP level 9. HP: 78/78 MP: 8/8
  4794 | D:6      | Found a hazy altar of Hepliaklqana.
  5263 | D:7      | Reached skill level 14 in Axes
  5596 | D:7      | Identified the +3 leather armour of the Silversmith
                  | {Rampage Str+3}
  6001 | D:8      | Reached skill level 15 in Axes
  6059 | D:8      | Reached skill level 16 in Axes
  6067 | D:8      | Reached XP level 10. HP: 55/84 MP: 9/9
  6391 | D:8      | Found Vuame's Antique Armour Shop.
  6472 | D:8      | Reached ***** piety under Trog
  6630 | D:8      | Reached skill level 17 in Axes
  7124 | D:9      | Received a gift from Trog
  7131 | D:9      | Reached skill level 18 in Axes
  7210 | D:9      | Identified the ring of Leblusun {*Corrode rElec rF+ AC+4
                  | Str+4}
  7318 | D:9      | Noticed a two-headed ogre
  7323 | D:9      | Killed a two-headed ogre
  7330 | D:9      | Noticed a two-headed ogre
  7339 | D:9      | Killed a two-headed ogre
  7562 | D:10     | Entered Level 10 of the Dungeon
  7690 | D:10     | Reached skill level 19 in Axes
  7694 | D:10     | Found a staircase to the Lair.
  7707 | D:10     | Reached XP level 11. HP: 86/91 MP: 3/10
  7843 | D:10     | Found a radiant altar of Vehumet.
  8058 | D:10     | Noticed a two-headed ogre
  8065 | D:10     | Killed a two-headed ogre
  8071 | D:10     | Reached skill level 20 in Axes
  8541 | Lair:1   | Entered Level 1 of the Lair of Beasts
  8719 | Lair:1   | Reached skill level 21 in Axes
  8799 | Lair:1   | HP: 2/136 [cane toad (13)]
  8802 | Lair:1   | Slain by a basilisk

Illustrated notes

Levels and vault maps discovered:
D:1:      matt_arrival_grand_opening, layout_loops_ring
D:2:      layout_loops_ring, shapermc_ecumenical_altar_gd
D:3:      gammafunk_steamed_eel, layout_basic, lemuel_doored_altar
D:4:      layout_layer_cave, mainiacjoe_overflow_surrounded_room, minitemple,
          uniq_ijyb
D:5:      layout_cave_pools
D:6:      layout_basic, nzn_hepliaklqana_mist_gate, temple_statues,
          chequers_ossuary_entry_cave, serial_glass, glass_columns_a,
          glass_columns_b, uniq_menkaure, uniq_prince_ribbit1
D:7:      layout_loops_ring
D:8:      layout_loops_ring, serial_shops, shop
D:9:      layout_roguey, minmay_lizard_king
D:10:     minmay_general_purpose_star, layout_layer_cave,
          mainiacjoe_overflow_catwalk, erik_lair_island
Lair:1:   layout_small_grid, serial_bayou_shore_a

Skill      XL: |  1  2  3  4  5  6  7  8  9 10 11 |
---------------+----------------------------------+-----
Axes           | 4 5 6 7 8 10 13 16 19 21 | 21.2
Fighting       | 4 5 6 |  6.4
Armour         | |  2.4
Dodging        | |  2.1

Action                     |  1- 3 |  4- 6 |  7- 9 | 10-12 || total
---------------------------+-------+-------+-------+-------++-------
  Melee: Hand axe          |   109 |    37 |       |       ||   146
         Headbutt          |    12 |    12 |    43 |    35 ||   102
         War axe           |       |    33 |    76 |       ||   109
         Battleaxe         |       |       |   121 |   198 ||   319
         Punch             |       |       |     1 |       ||     1
 Invoke: Berserk           |       |     1 |     3 |     3 ||     7
         Trog's Hand       |       |       |     1 |       ||     1
    Use: Scroll            |       |     9 |     4 |     3 ||    16
   Stab: Sleeping          |     1 |       |       |       ||     1
 Armour: Animal skin       |    23 |       |       |       ||    23
         Chain mail        |    35 |    41 |    20 |       ||    96
         Ring mail         |       |       |   115 |       ||   115
         Leather armour    |       |       |    19 |   149 ||   168
  Dodge: Dodged            |    56 |    25 |   117 |   103 ||   301
